 Dungeon Crawl Stone Soup version 0.21-a0-552-g593960dda5 (webtiles) character file.

392 Cecky the Insei (level 6, -3/70 HPs)
             Began as a Demigod Transmuter on Dec 17, 2017.
             Slain by an iguana (7 damage)
             ... on level 4 of the Dungeon.
             The game lasted 00:13:21 (4723 turns).

Cecky the Insei (Demigod Transmuter)                Turns: 4723, Time: 00:13:23

Health: -3/70      AC: 23    Str: 13    XL:     6   Next: 25%
Magic:  13/13      EV:  2    Int: 21    God:
Gold:   213        SH:  0    Dex: 16    Spells: 7/10 levels left

rFire    . . .     SeeInvis .     - Unarmed
rCold    . . .     Gourm    .   (no shield)
rNeg     + + +     Faith    .   (armour currently unavailable)
rPois    +         Spirit   .   (helmet currently unavailable)
rElec    .         Reflect  .   (cloak currently unavailable)
rCorr    .         Harm     .   (gloves currently unavailable)
MR       .....     NoTele   +   (boots currently unavailable)
Stlth    +.........             (no amulet)
HPRegen  0.21/turn              (no ring)
MPRegen  0.13/turn              (no ring)

@: lethally poisoned (-3 -> -4), tree-form
A: high mp 1
a: no special abilities


You were on level 4 of the Dungeon.
You were not hungry.
You were a tree.
You visited 1 branch of the dungeon, and saw 4 of its levels.

You collected 213 gold pieces.

Inventory:

Missiles
 a - 34 arrows
Armour
 b - a +0 robe (melded)
 f - a +0 cloak (melded)
 j - a +0 pair of gloves (melded)
 l - a +0 helmet (melded)
 u - a +0 pair of boots
Wands
 t - a wand of disintegration (19)
Scrolls
 m - a scroll of magic mapping {unknown}
 n - 2 scrolls of fog {unknown}
 o - 3 scrolls of identify {unknown}
 r - 2 scrolls of teleportation {unknown}
 s - a scroll of immolation {unknown}
 v - a scroll of remove curse {unknown}
Potions
 e - a potion of lignification
 g - a potion of magic {unknown}
 h - a potion of agility {unknown}
 i - a potion of might {unknown}
 k - a potion of flight {unknown}
 q - a potion of resistance {unknown}
Books
 c - a book of Changes

   Spells                             Type                      Level
   a - Beastly Appendage              Transmutation                1
   b - Sticks to Snakes               Transmutation                2
   c - Spider Form                    Transmutation/Poison         3
   d - Ice Form                       Ice/Transmutation            4
   e - Blade Hands                    Transmutation                5
Comestibles
 d - 2 bread rations
 p - a meat ration
 w - 3 chunks of flesh


   Skills:
 + Level 1.5 Fighting
 + Level 2.9 Dodging
 + Level 4.6 Unarmed Combat
 + Level 2.8 Spellcasting
 * Level 3.4 Transmutations


You had 7 spell levels left.
You knew the following spells:

 Your Spells              Type           Power        Failure   Level  Hunger
a - Beastly Appendage     Tmut           ###...       3%          1    None
b - Sticks to Snakes      Tmut           ###.....     4%          2    ##.....


Dungeon Overview and Level Annotations

Branches:
Dungeon (4/15)
 Temple: D:4-7


Innate Abilities, Weirdness & Mutations

You have an increased reservoir of magic. (+10% MP)


Message History

The iguana closely misses you.
You hit the iguana. Your kick misses the iguana.
The iguana is severely wounded.
The iguana bites you.
* * * LOW HITPOINT WARNING * * *
You barely miss the iguana.
The iguana is severely wounded.
The iguana bites you!
* * * LOW HITPOINT WARNING * * *
You hit the iguana. Your kick misses the iguana.
The iguana is almost dead.
You feel sick. The iguana barely misses you.
It was a potion of lignification.
Your talons disappear.
You turn into a tree.
Your +0 cloak melds into your body.
Your +0 helmet melds into your body.
Your +0 pair of gloves melds into your body.
Your +0 robe melds into your body.
Your roots penetrate the ground.
The iguana bites you!
You die...

.........###..........#
.........###...#.......
#.........#......o.....
##.............#.#...#.
#............#..#...#.
##........)..#.###..##
#..##...).[##.###...#
#...)#..........#....
#...#♣l<).............
#... ###...............
..) #..##........... ..
#..###.......... . #..#
##..##..... #..#
#......... #..#
#......... #..#
..###..... ###...


You could see an iguana.

Vanquished Creatures
  A hound (D:4)
  3 orc priests
  2 orc wizards (D:3)
  An iguana (D:4)
  3 gnolls (D:4)
  3 adders
  An ooze (D:1)
  2 worms (D:2)
  2 dart slugs (D:1)
  A leopard gecko (D:1)
  17 orcs
  A ball python (D:1)
  3 giant cockroaches
  4 goblins
  4 hobgoblins
  6 jackals (D:2)
  3 quokkas
  9 bats
  6 frilled lizards
  2 kobolds (D:1)
  10 rats
84 creatures vanquished.

Vanquished Creatures (collateral kills)
  Ijyb (D:3)
  Terence (D:3)
  An orc (D:4)
3 creatures vanquished.

Grand Total: 87 creatures vanquished

Notes
Turn   | Place    | Note
-------+----------+-------------------------------------------
     0 | D:1      | Cecky the Demigod Transmuter began the quest for the Orb.
     0 | D:1      | Reached XP level 1. HP: 15/15 MP: 5/5
   217 | D:1      | Reached skill level 3 in Unarmed Combat
   478 | D:1      | Reached XP level 2. HP: 21/22 MP: 7/7
   846 | D:1      | Learned a level 2 spell: Sticks to Snakes
  1144 | D:1      | Reached skill level 1 in Fighting
  1800 | D:2      | Reached XP level 3. HP: 28/28 MP: 6/8
  2711 | D:3      | Noticed Terence
  2725 | D:3      | Killed Terence
  2725 | D:3      | Reached XP level 4. HP: 35/35 MP: 2/10
  2830 | D:3      | Found a shimmering altar of Xom.
  2835 | D:3      | Noticed Ijyb
  2850 | D:3      | Killed Ijyb
  3568 | D:3      | Reached skill level 4 in Unarmed Combat
  3581 | D:3      | Reached XP level 5. HP: 35/40 MP: 11/11
  4370 | D:4      | Reached XP level 6. HP: 28/47 MP: 9/12
  4723 | D:4      | Slain by an iguana

Vault maps used:
D:1:      sevenhm_arrival_forest_fort_large_2
D:2:      minmay_ruptured
D:3:      cheibrodos_old_hovel, nicolae_overflow_crystal_walls, uniq_ijyb,
          uniq_terence
D:4:      first_bread

Skill      XL: |  1  2  3  4  5 |
---------------+----------------+-----
Unarmed Combat | 3 4 |  4.6
Dodging        | 2 |  2.9
Transmutations | 2 3 |  3.4
Spellcasting   | 2 |  2.8
Fighting       | 1 |  1.5

Action                   |  1- 3 |  4- 6 || total
-------------------------+-------+-------++-------
Melee: Unarmed           |   194 |   162 ||   356
       Kick              |    17 |    48 ||    65
       Headbutt          |     8 |       ||     8
       Punch             |     2 |     4 ||     6
 Cast: Beastly Appendage |    16 |    16 ||    32
       Sticks to Snakes  |     2 |     5 ||     7
  Use: Potion            |       |     1 ||     1
 Stab: Sleeping          |     1 |       ||     1
       Distracted        |     2 |       ||     2
  Eat: Chunk             |     6 |     4 ||    10
       Bread ration      |       |     1 ||     1
Armor: Robe              |    54 |    46 ||   100
Dodge: Dodged            |   136 |   112 ||   248

Table legend:
 A = Spawn XP
 B = Non-spawn XP
 C = Spawn XP percentage of total XP
 D = Spawn monster count
 E = Non-spawn monster count
 F = Spawn count percentage of total count
 G = Total turns spent on level
                    A         B        C        D         E        F      G
               +---------+---------+-------+---------+---------+-------+---------
         Total |       0 |     561 |   0.0 |       0 |      87 |   0.0 |  4723
               +---------+---------+-------+---------+---------+-------+---------
           D:1 |       0 |      46 |   0.0 |       0 |      24 |   0.0 |  1782
           D:2 |       0 |      43 |   0.0 |       0 |      21 |   0.0 |   904
           D:3 |       0 |     219 |   0.0 |       0 |      21 |   0.0 |  1262
           D:4 |       0 |     253 |   0.0 |       0 |      21 |   0.0 |   775
               +---------+---------+-------+---------+---------+-------+---------
